 Dungeon Crawl Stone Soup version 0.25-a0-353-ged6d54792d (webtiles) character file.

Game seed: 3393677062133269447, levelgen mode: classic

46660 Borgoz the Fighter (level 14, -21/94 HPs)
             Began as a Gargoyle Berserker on Jan 1, 2020.
             Was an Elder of Trog.
             Killed from afar by a frost giant (34 damage)
             ... with a bolt of cold
             ... on level 15 of the Dungeon.
             The game lasted 00:35:18 (16573 turns).

Borgoz the Fighter (Gargoyle Berserker)            Turns: 16573, Time: 00:35:19

Health: -21/94     AC: 27    Str: 22    XL:     14   Next: 38%
Magic:  14/14      EV: 17    Int:  9    God:    Trog [****..]
Gold:   872        SH:  0    Dex: 17    Spells: 13/13 levels left

rFire    . . .     SeeInvis +   q - +2 dire flail (freeze)
rCold    . . .     Gourm    .   (shield currently unavailable)
rNeg     + + .     Faith    .   O - +2 scale mail of a treasure trove {rPois SInv}
rPois    ∞         Spirit   .   J - +1 hat
rElec    +         Reflect  .   z - +0 cloak
rCorr    +         Harm     .   D - +0 pair of gloves
MR       ++++.     Clarity  +   t - +0 pair of boots
Stlth    ..........             N - amulet of the Four Winds {rN+ MR+++ Clar}
HPRegen  0.25/turn              w - +5 ring of dexterity
MPRegen  0.14/turn              M - ring of resist corrosion

@: no status effects
A: big wings, negative energy resistance 1, electricity resistance, unbreathing,
petrification resistance, rot immunity, AC +10
a: Fly, Berserk, Trog's Hand, Brothers in Arms, Renounce Religion


You were on level 15 of the Dungeon.
You worshipped Trog.
Trog was greatly pleased with you.
You were not hungry.

You visited 1 branch of the dungeon, and saw 15 of its levels.
You also visited: Gauntlet.

You collected 872 gold pieces.

Inventory:

Hand Weapons
 q - a +2 dire flail of freezing (weapon)
 v - a +1 mace of holy wrath
 I - a +2 great mace of flaming
Armour
 t - a +0 pair of boots (worn)
 z - a +0 cloak (worn)
 D - a +0 pair of gloves (worn)
 J - a +1 hat (worn)
 K - +0 acid dragon scales
 O - the +2 scale mail of a treasure trove (worn) {rPois SInv}
   (You found it in a Gauntlet)

   It protects you from poison.
   It lets you see invisible.
Jewellery
 d - an uncursed ring of protection from cold
 w - a +5 ring of dexterity (left hand)
 E - an uncursed ring of positive energy
 G - an uncursed ring of ice
 L - an uncursed amulet of harm {unknown}
 M - a ring of resist corrosion (right hand)
 N - the amulet of the Four Winds (around neck) {rN+ MR+++ Clar}
   (You found it on level 15 of the Dungeon)

   [amulet of nothing]

   It protects you from negative energy.
   It affects your resistance to hostile enchantments.
   It protects you against confusion.
Wands
 b - a wand of disintegration (6)
 n - a wand of iceblast (18)
 s - a wand of flame (31)
 A - a wand of acid (16)
 F - a wand of polymorph (11)
 H - a wand of paralysis (11)
Scrolls
 a - 9 scrolls of enchant weapon
 h - 12 scrolls of teleportation
 r - a scroll of blinking
 x - 4 scrolls of remove curse
 y - 2 scrolls of fog
 B - 3 scrolls of magic mapping
 C - 2 scrolls of enchant armour
 P - a scroll of identify
Potions
 e - 2 potions of curing
 f - a potion of might
 g - 6 potions of lignification
 i - 4 potions of brilliance
 j - 2 potions of heal wounds
 k - 2 potions of flight
 l - a potion of resistance
 m - 4 potions of mutation
 o - 2 potions of agility
 u - a potion of haste
Comestibles
 c - 25 rations
 p - 5 chunks of flesh


   Skills:
 + Level 13.6 Fighting
 + Level 12.5 Maces & Flails
 + Level 13.4 Armour
 + Level 10.6 Dodging


You had 13 spell levels left.
You didn't know any spells.
Your spell library was empty.

Dungeon Overview and Level Annotations

Branches:
Dungeon (15/15)            Temple (0/1) D:5            Lair (0/6) D:8
    Orc (0/2) D:9          Vaults (0/5) D:13         Depths (0/5) D:15
Gauntlet (visited)

Altars:
Ashenzari
Cheibriados
Gozag
Hepliaklqana
Kikubaaqudgha
Trog
Uskayaw
Vehumet
The Shining One

Shops:
D:9 =   D:13 =*

Annotations:
D:5 2 runed translucent doors, vurker's ghost, novice GnWn


Innate Abilities, Weirdness & Mutations

You are resistant to torment.
Your stone body is resilient. (AC +10)
You are immune to poison.
Your large and strong wings let you fly indefinitely.
You resist negative energy. (rN+)
You are resistant to electric shocks. (rElec)
You can survive without breathing.
You are immune to petrification.
You are immune to rotting.


Message History

The frost giant is severely wounded.
You hit the frost giant but do no damage.
The frost giant is severely wounded.
The frost giant casts a spell at you. The bolt of cold hits you!!!
Ouch! That really hurt!
* * * LOW HITPOINT WARNING * * *
You sock the frost giant!
The frost giant is severely wounded.
The frost giant casts a spell at you. The bolt of cold misses you.
You bludgeon the frost giant!! You freeze the frost giant.
The frost giant is almost dead.
You hit the frost giant but do no damage.
The frost giant is almost dead.
The frost giant closely misses you.
You feel much better.
The frost giant gestures at you while chanting.
The bolt of cold hits you!!
You die...

.# #≈≈≈≈≈≈≈≈≈# .#
#≈≈≈≈≈≈≈≈≈#
.#####.........# ###
...........##..####.#
....................#
####(.(((..)........#
#..#############.#
#..#≈≈((..(.).##.#
#..#≈.#≈≈≈###@##.#
####..#......#..C#..#
......'.##≈..+.>.#..#
......#......#...##.#
......#≈.#≈≈≈###+##.#
..(...#≈≈...... ##.#
......############..#
....................#
#####################


You could see a frost giant.

Vanquished Creatures
  An ironheart preserver (D:13)
  A minotaur (Gauntlet)
  A hydra (D:15)
  Erolcha (D:9)
  A catoblepas (D:14)
  3 centaur warriors
  2 death knights
  8 two-headed ogres
  2 tengu warriors
  An ogre mage (D:15)
  Urug (D:10)
  Sonja (D:10)
  3 slime creatures (D:12)
  3 skeletal warriors (D:15)
  2 unseen horrors
  A phantasmal warrior (D:15)
  A deep elf mage (D:14)
  17 ugly things
  2 manticores
  4 cyclopes
  Joseph (D:10)
  Maurice (D:13)
  A guardian serpent (shapeshifter) (D:15)
  2 kobold demonologists
  An efreet (D:15)
  2 freezing wraiths
  A queen bee (Gauntlet)
  2 tengu conjurers (Gauntlet)
  2 trolls
  A hornet (D:13)
  2 hippogriffs (D:9)
  A raiju (Gauntlet)
  A spriggan (shapeshifter) (D:15)
  2 tarantellas (D:15)
  2 wyverns
  Sigmund (D:4)
  2 redbacks (D:15)
  A wraith (D:15)
  3 hungry ghosts
  A basilisk (D:13)
  Eustachio (D:4)
  A soldier ant (D:13)
  A water moccasin (D:5)
  An acid dragon (D:11)
  5 orc warriors
  A hornet zombie (D:14)
  7 sky beasts
  2 black bears
  2 eyes of draining
  5 ice beasts
  8 ogres
  4 phantoms
  A necrophage (D:8)
  17 centaurs
  A crocodile (D:13)
  11 bullfrogs
  2 big kobolds
  2 gnoll sergeants (D:9)
  2 wyvern skeletons
  17 killer bees
  8 scorpions
  A water moccasin skeleton (D:11)
  9 wights
  An electric eel (D:14)
  7 centaur zombies
  7 crimson imps
  2 bullfrog zombies
  5 jellies
  12 hounds
  4 orc priests
  6 centaur skeletons
  7 orc wizards
  A quasit (D:7)
  Ijyb (D:4)
  3 bullfrog skeletons
  6 worker ants
  Natasha (thrice) (D:4)
  4 iguanas
  A lightning spire (Gauntlet)
  A hound zombie (D:9)
  A hound skeleton (D:11)
  2 worker ant zombies
  Robin (D:4)
  10 gnolls
  24 adders
  3 shadow imps
  7 oozes
  3 worms
  3 dart slugs
  A leopard gecko (D:4)
  43 orcs
  6 giant cockroaches
  18 goblins
  12 hobgoblins
  11 jackals
  18 kobolds
  9 quokkas
  3 ball pythons
  9 bats
  A quokka skeleton (D:4)
  6 rats
457 creatures vanquished.

Vanquished Creatures (others)
  A troll (D:15)
  3 fungi (Gauntlet)
  2 plants (Gauntlet)
6 creatures vanquished.

Grand Total: 463 creatures vanquished

Notes
Turn   | Place    | Note
-------+----------+-------------------------------------------
     0 | D:1      | Borgoz the Gargoyle Berserker began the quest for the Orb.
     0 | D:1      | Reached XP level 1. HP: 14/14 MP: 1/1
   225 | D:1      | Reached XP level 2. HP: 17/19 MP: 2/2
   466 | D:1      | Reached XP level 3. HP: 22/23 MP: 3/3
   890 | D:2      | Reached ** piety under Trog
  1174 | D:2      | Reached XP level 4. HP: 28/29 MP: 4/4
  2107 | D:3      | Reached XP level 5. HP: 31/33 MP: 5/5
  2348 | D:3      | Found a shattered altar of Ashenzari.
  2993 | D:4      | Noticed Sigmund
  2995 | D:4      | Reached XP level 6. HP: 38/39 MP: 6/6
  3051 | D:4      | Killed Sigmund
  3051 | D:4      | Reached *** piety under Trog
  3285 | D:4      | Noticed Eustachio
  3315 | D:4      | Killed Eustachio
  3315 | D:4      | Reached skill level 5 in Fighting
  3315 | D:4      | Reached XP level 7. HP: 38/44 MP: 7/7
  3483 | D:4      | Noticed Robin
  3505 | D:4      | Killed Robin
  3712 | D:4      | Noticed Natasha
  3719 | D:4      | Killed Natasha
  3743 | D:4      | Noticed Natasha
  3751 | D:4      | Killed Natasha
  3826 | D:4      | Reached skill level 5 in Maces & Flails
  3846 | D:4      | Reached skill level 5 in Armour
  4052 | D:4      | Noticed Ijyb
  4069 | D:4      | Killed Ijyb
  4401 | D:4      | Noticed Natasha
  4412 | D:4      | Killed Natasha
  4432 | D:5      | Entered Level 5 of the Dungeon
  4442 | D:5      | Reached XP level 8. HP: 35/51 MP: 8/8
  4541 | D:5      | Found a bloodstained altar of Trog.
  4548 | D:5      | Found a transporter.
  4557 | D:5      | Found a staircase to the Ecumenical Temple.
  4581 | D:5      | Found a transporter.
  5134 | D:5      | Found a large runed translucent door.
  5135 | D:5      | Found a large runed translucent door.
  5138 | D:5      | Noticed vurker's ghost (novice GnWn)
  5980 | D:6      | Noticed a red ugly thing
  5999 | D:6      | Killed a red ugly thing
  5999 | D:6      | Reached skill level 5 in Dodging
  5999 | D:6      | Reached XP level 9. HP: 57/57 MP: 9/9
  6000 | D:6      | Reached **** piety under Trog
  6359 | D:6      | Found a hazy altar of Hepliaklqana.
  6831 | D:6      | Found a glowing golden altar of the Shining One.
  7553 | D:7      | Noticed a troll
  7562 | D:7      | Killed a troll
  7648 | D:8      | Reached XP level 10. HP: 40/64 MP: 10/10
  7817 | D:8      | Found a staircase to the Lair.
  7879 | D:8      | Noticed a two-headed ogre
  7891 | D:8      | Killed a two-headed ogre
  7988 | D:8      | Noticed a two-headed ogre
  8000 | D:8      | Killed a two-headed ogre
  8475 | D:9      | Found a staircase to the Orcish Mines.
  8547 | D:9      | Found Ucou's Jewellery Boutique.
  8602 | D:9      | Reached ***** piety under Trog
  8602 | D:9      | Received a gift from Trog
  8874 | D:9      | Found an opulent altar of Gozag.
  8898 | D:9      | Reached XP level 11. HP: 49/71 MP: 11/11
  8968 | D:9      | Noticed Erolcha
  8971 | D:9      | Paralysed by something for 7 turns
  8983 | D:9      | Killed Erolcha
  9319 | D:9      | Found a snail-covered altar of Cheibriados.
  9319 | D:9      | Found a hide-covered altar of Uskayaw.
  9320 | D:9      | Found an ancient bone altar of Kikubaaqudgha.
  9475 | D:10     | Entered Level 10 of the Dungeon
  9500 | D:10     | Found an opulent altar of Gozag.
  9535 | D:10     | Noticed Sonja
  9535 | D:10     | Paralysed by Sonja for 6 turns
  9542 | D:10     | Paralysed by Sonja for 4 turns
  9549 | D:10     | Paralysed by Sonja for 6 turns
  9556 | D:10     | Killed Sonja
  9556 | D:10     | Reached skill level 10 in Fighting
  9919 | D:10     | Noticed Urug
  9923 | D:10     | Noticed Joseph
  9937 | D:10     | Killed Urug
  9937 | D:10     | Reached skill level 10 in Armour
  9958 | D:10     | Killed Joseph
 10666 | D:11     | Noticed a two-headed ogre
 10685 | D:11     | Killed a two-headed ogre
 10760 | D:11     | Received a gift from Trog
 10783 | D:11     | Killed an unseen horror
 11384 | D:12     | Noticed a cyan ugly thing
 11389 | D:12     | Killed a cyan ugly thing
 11389 | D:12     | Reached skill level 10 in Maces & Flails
 11389 | D:12     | Reached XP level 12. HP: 79/79 MP: 12/12
 11500 | D:12     | Found a gate leading to a gauntlet.
 11502 | D:12     | Noticed a death knight
 11530 | D:12     | Killed a death knight
 11547 | Gauntlet | Entered a Gauntlet
 11547 | Gauntlet | Found a transporter.
 11557 | Gauntlet | Found a transporter.
 11572 | Gauntlet | Found a transporter.
 11577 | Gauntlet | Found a transporter.
 11596 | Gauntlet | Noticed a dire elephant
 11598 | Gauntlet | Found a transporter.
 11611 | Gauntlet | Found a transporter.
 11623 | Gauntlet | Found a transporter.
 11623 | Gauntlet | Noticed a green death
 11631 | Gauntlet | Found a large runed translucent door.
 11632 | Gauntlet | Found a large runed translucent door.
 11633 | Gauntlet | Found a large runed translucent door.
 11633 | Gauntlet | Found a large runed translucent door.
 11634 | Gauntlet | Found a runed translucent gate.
 11635 | Gauntlet | Found a transporter.
 11635 | Gauntlet | Found a runed translucent gate.
 11636 | Gauntlet | Found a runed translucent gate.
 11637 | Gauntlet | Found a large runed translucent door.
 11637 | Gauntlet | Found a large runed translucent door.
 11638 | Gauntlet | Found a large runed translucent door.
 11639 | Gauntlet | Found a large runed translucent door.
 11647 | Gauntlet | Found a transporter.
 11650 | Gauntlet | Found the +8 autumn katana {slice, Clar}
 11659 | Gauntlet | Found a transporter.
 11676 | Gauntlet | Found a transporter.
 11694 | Gauntlet | Found a transporter.
 11696 | Gauntlet | Found a transporter.
 11721 | Gauntlet | Noticed a tengu warrior
 11722 | Gauntlet | Found a transporter.
 11739 | Gauntlet | Found a transporter.
 11740 | Gauntlet | Found a transporter.
 11766 | Gauntlet | Killed a tengu warrior
 11767 | Gauntlet | Found a large runed translucent door.
 11770 | Gauntlet | Found a large runed translucent door.
 11779 | Gauntlet | Found a transporter.
 11781 | Gauntlet | Found a large runed translucent door.
 11781 | Gauntlet | Found a large runed translucent door.
 11785 | Gauntlet | Found a large runed translucent door.
 11785 | Gauntlet | Found a large runed translucent door.
 11785 | Gauntlet | Found a runed translucent door.
 11785 | Gauntlet | Found a runed translucent door.
 11787 | Gauntlet | Found a large runed translucent door.
 11788 | Gauntlet | Found a transporter.
 11788 | Gauntlet | Found a large runed translucent door.
 11954 | Gauntlet | Got a smoking scale mail
 11972 | Gauntlet | Identified the +2 scale mail of a treasure trove {rPois
                  | SInv} (You found it in a Gauntlet)
 11988 | Gauntlet | Noticed a minotaur
 11999 | Gauntlet | Killed a minotaur
 12525 | D:13     | Noticed a centaur warrior
 12531 | D:13     | Noticed a tengu warrior
 12533 | D:13     | Killed a centaur warrior
 12555 | D:13     | Killed a tengu warrior
 12555 | D:13     | Received a gift from Trog
 12691 | D:13     | Noticed a centaur warrior
 12808 | D:13     | Killed a centaur warrior
 13194 | D:13     | Found a gate to the Vaults.
 13194 | D:13     | Noticed an ironheart preserver
 13201 | D:13     | Reached XP level 13. HP: 86/86 MP: 13/13
 13207 | D:13     | Killed an ironheart preserver
 13336 | D:13     | Found Imneh's Changing Room.
 13587 | D:13     | Noticed Maurice
 13589 | D:13     | Paralysed by Maurice for 6 turns
 13601 | D:13     | Paralysed by Maurice for 2 turns
 13606 | D:13     | Killed Maurice
 13744 | D:13     | Found Xelyuti's Jewellery Shoppe.
 14046 | D:14     | Received a gift from Trog
 14234 | D:14     | Reached skill level 10 in Dodging
 15510 | D:15     | Entered Level 15 of the Dungeon
 15529 | D:15     | Found the amulet of the Four Winds {rN+ MR+++ Clar}
 15610 | D:15     | Gained mutation: Your large and strong wings let you fly
                  | indefinitely. [Gargoyle growth]
 15610 | D:15     | Reached XP level 14. HP: 84/94 MP: 1/14
 15690 | D:15     | Found a radiant altar of Vehumet.
 16559 | D:15     | Noticed a frost giant
 16560 | D:15     | Found a staircase to the Depths.
 16569 | D:15     | HP: 1/94 [frost giant/bolt of cold (49)]
 16573 | D:15     | Killed from afar by a frost giant

Levels and vault maps discovered:
D:1:      giann_horns, layout_basic, minmay_domino_2
D:2:      layout_basic, first_ration, skrybe_limestone_x
D:3:      layout_basic, ashenzari_altar_1, gup_sewer_entry_glass
D:4:      layout_basic, interstate_on_off, chequers_serial_rivers_room_b,
          uniq_ijyb, uniq_natasha, uniq_robin, uniq_sigmund, uniq_eustachio
D:5:      layout_basic, gammafunk_temple_overflow_arena, temple_fountains,
          ebering_ghost_disaster_area, chequers_serial_rivers_large_a
D:6:      layout_cave_pods, overflow_temple_1_default,
          nicolae_tso_swordbearing_angel, st_stairs_10
D:7:      minmay_razor_zed, layout_basic
D:8:      layout_loops_ring, nicolae_overflow_hidden_temple, lair_entry_dummy,
          grunt_ministairs_12
D:9:      layout_irregular_city, gammafunk_temple_overflow_claw,
          overflow_temple_1_default, orc_0_dummy, serial_shops,
          nicolae_shop_trees, hangedman_little_slice_of_home, uniq_erolcha
D:10:     layout_long_grid, nicolae_gozag_seed_capital, uniq_sonja, uniq_urug,
          uniq_joseph
D:11:     kennysheep_blocky_hall, layout_basic
D:12:     layout_gridville, gauntlet_entry_generic
D:13:     layout_basic, skrybe_vaults_entry_preservation, serial_shops,
          nicolae_shop_trees, nicolae_transmutations_shop,
          minmay_variable_closet, uniq_maurice
D:14:     layout_rooms, corexii_corridor_pit, fungi_pond_lemuel
D:15:     grunt_enter_depths_snipers, layout_long_grid, nrook_campfire,
          basic_altar, grunt_ministairs_5, evilmike_minifort

Skill      XL: |  1  2  3  4  5  6  7  8  9 10 11 12 13 |
---------------+----------------------------------------+-----
Dodging        | 2 3 5 7 8 9 10 | 10.6
Armour         | 3 4 5 6 7 9 10 11 13 | 13.4
Fighting       | 4 5 7 8 9 10 12 13 | 13.6
Maces & Flails | 4 5 6 7 8 10 11 12 | 12.5

Action                   |  1- 3 |  4- 6 |  7- 9 | 10-12 | 13-15 || total
-------------------------+-------+-------+-------+-------+-------++-------
Melee: Mace              |    98 |   208 |   312 |       |       ||   618
       Dire flail        |       |       |   146 |   729 |   506 ||  1381
Invok: Berserk           |       |     2 |     7 |    12 |     7 ||    28
       Trog's Hand       |       |       |     1 |     2 |     2 ||     5
Evoke: Wand              |       |       |     3 |       |       ||     3
  Use: Scroll            |       |     7 |     8 |    10 |     3 ||    28
       Potion            |       |     4 |     2 |     4 |     4 ||    14
 Stab: Sleeping          |       |     1 |       |       |       ||     1
       Distracted        |       |       |       |     1 |       ||     1
       Invisible         |       |       |       |       |     2 ||     2
  Eat: Chunk             |     1 |     8 |    18 |    31 |    12 ||    70
       Ration            |       |       |     1 |     2 |     3 ||     6
Armor: Animal skin       |    49 |    14 |       |       |       ||    63
       Ring mail         |       |   101 |   261 |       |       ||   362
       Skin              |       |    58 |       |       |       ||    58
       Plate armour      |       |       |       |   431 |       ||   431
       Scale mail        |       |       |       |    94 |   227 ||   321
Dodge: Dodged            |    77 |   165 |   367 |   496 |   470 ||  1575

Table legend:
 A = Non-vault XP
 B = Vault XP
 C = Vault XP percentage of total XP
 D = Non-vault monster count
 E = Vault monster count
 F = Vault count percentage of total count
                 A         B        C        D         E       F
            +---------+---------+-------+---------+---------+-------
      Total |   52749 |   13909 |  20.9 |     385 |      72 |  15.8
            +---------+---------+-------+---------+---------+-------
        D:1 |      47 |       4 |   7.8 |      22 |       2 |   8.3
        D:2 |     113 |       0 |   0.0 |      20 |       0 |   0.0
        D:3 |      75 |      31 |  29.2 |      22 |       4 |  15.4
        D:4 |     406 |     511 |  55.7 |      20 |      15 |  42.9
        D:5 |     510 |     265 |  34.2 |      17 |       3 |  15.0
        D:6 |    1450 |     186 |  11.4 |      23 |       2 |   8.0
        D:7 |     455 |     426 |  48.4 |      14 |       5 |  26.3
        D:8 |    1963 |     977 |  33.2 |      16 |       2 |  11.1
        D:9 |    2517 |    1188 |  32.1 |      45 |       9 |  16.7
       D:10 |    1061 |    2112 |  66.6 |      13 |       3 |  18.8
       D:11 |    3505 |     134 |   3.7 |      37 |       4 |   9.8
       D:12 |    3887 |       0 |   0.0 |      20 |       0 |   0.0
       D:13 |    8409 |    3747 |  30.8 |      44 |      10 |  18.5
       D:14 |   16369 |       0 |   0.0 |      46 |       0 |   0.0
       D:15 |   11982 |     958 |   7.4 |      26 |       1 |   3.7
   Gauntlet |       0 |    3370 | 100.0 |       0 |      12 | 100.0
            +---------+---------+-------+---------+---------+-------
